 Dungeon Crawl Stone Soup version 0.17-a0-1435-geafbe2f (webtiles) character file.

17424 Kisielow the Basher (level 12, -2/106 HPs)
             Began as a Minotaur Fighter on June 26, 2015.
             Was a High Priest of Okawaru.
             Slain by a komodo dragon (11 damage)
             ... on level 4 of the Lair of Beasts.
             The game lasted 00:28:04 (12646 turns).

Kisielow the Basher (Minotaur Fighter)             Turns: 12646, Time: 00:28:04

Health: -2/106     AC: 26    Str: 24    XL:     12   Next: 18%
Magic:  15/16      EV:  4    Int:  7    God:    Okawaru [*****.]
Gold:   425        SH: 18    Dex: 15    Spells: 0 memorised, 11 levels left

rFire  . . .     SeeInvis .     m - +3 flail (holy)
rCold  . . .     Clarity  .     J - +0 plate armour
rNeg   + . .     SustAt   .     a - +0 large shield
rPois  +         Gourm    .     d - +1 hat {MR+}
rElec  .         Spirit   .     C - +0 cloak
rCorr  .         Warding  +     O - +2 pair of gloves {Dex+3}
rMut   .         Stasis   .     q - +2 pair of boots
MR     +....                    y - amulet of warding
Stlth  ..........               I - +3 ring of protection
                                s - ring of poison resistance

@: somewhat resistant to hostile enchantments, extremely unstealthy
A: retaliatory headbutt, horns 2, clever 1, spit poison 1
a: Spit Poison, Heroism, Finesse, Renounce Religion


You were on level 4 of the Lair of Beasts.
You worshipped Okawaru.
Okawaru was extremely pleased with you.
You were not hungry.

You visited 3 branches of the dungeon, and saw 13 of its levels.

You collected 467 gold pieces.
You spent 42 gold pieces at shops.

Inventory:

Hand weapons
 c - a +2 demon blade of draining
 m - a +3 flail of holy wrath (weapon)
Armour
 a - a +0 large shield (worn)
 d - a +1 hat of magic resistance (worn)
 q - a +2 pair of boots (worn)
 C - a +0 cloak (worn)
 J - a +0 plate armour (worn)
 O - a +2 pair of gloves of dexterity (worn)
Jewellery
 l - an uncursed ring of teleportation
 p - an uncursed ring of flight
 s - a ring of poison resistance (left hand)
 y - an amulet of warding (around neck)
 z - an uncursed amulet of resist mutation
 E - an uncursed ring of invisibility
 H - an uncursed ring of see invisible
 I - a +3 ring of protection (right hand)
 L - an uncursed ring of protection from fire
Magical devices
 h - a wand of magic darts (16)
 u - a wand of polymorph (17)
 v - a wand of paralysis (16)
 A - a wand of flame (22)
 D - a wand of slowing (31)
 P - a wand of enslavement (17)
Scrolls
 j - 6 scrolls of remove curse
 o - a scroll of amnesia
 w - a scroll of fear
 K - a scroll of teleportation
Potions
 b - 2 potions of magic
 g - a potion of resistance
 i - a potion of invisibility
 r - 3 potions of flight
 t - a potion of agility
 x - 4 potions of curing
 B - a potion of might
 G - 2 potions of haste
Books
 F - a book of Spatial Translocations

   Spells                             Type                      Level
   a - Apportation                    Translocation                1
   b - Blink                          Translocation                2
   c - Shroud of Golubria             Charms/Translocation         2
   d - Portal Projectile              Translocation                3
   e - Teleport Other                 Translocation                3
   f - Passage of Golubria            Translocation                4
Comestibles
 e - 12 bread rations
 f - 4 meat rations
 k - a royal jelly
 n - 8 fruits
 M - a beef jerky


   Skills:
 - Level 10.1 Fighting
 + Level 13.3 Maces & Flails
 - Level 10.1 Armour
 - Level 10.1 Shields
 + Level 6.8 Invocations
 + Level 6.0 Evocations


You had 11 spell levels left.
You didn't know any spells.

Dungeon Overview and Level Annotations

Branches:
Dungeon (8/15)             Temple (1/1) D:7            Lair (4/8) D:8
  Swamp (0/4) Lair:3
  Snake: Lair:3-6    Spider: Lair:3-6

Altars:
Ashenzari
Cheibriados
Dithmenos
Elyvilon
Fedhas
Gozag
Kikubaaqudgha
Makhleb
Nemelex Xobeh
Okawaru
Qazlal
Ru
Sif Muna
Trog
Vehumet
Xom
Yredelemnul
Zin
The Shining One

Shops:
D:6 ?   D:8 [


Innate Abilities, Weirdness & Mutations

You reflexively headbutt those who attack you in melee.
You have a pair of horns on your head.
Your mind is acute. (Int +2)
You can spit weak poison.


Message History

You block the seven-headed hydra's attack. x2
The seven-headed hydra bites you!
* * * LOW HITPOINT WARNING * * *
You thump the seven-headed hydra!
You kill the seven-headed hydra!
Okawaru accepts your kill.
Your Evocations skill increases to level 6!
You block the komodo dragon's attack. You block the komodo dragon's attack.
You see here a hydra corpse.
You are too injured to fight recklessly!
You thump the komodo dragon!
The komodo dragon is lightly wounded.
You hear the faint crackling of a very distant melting archway.
The komodo dragon bites you!
* * * LOW HITPOINT WARNING * * *
You completely miss the komodo dragon.
The komodo dragon is lightly wounded.
The komodo dragon bites you!
You die...

...# ...######
#PPP....###
#P.P......###
##P..........####
#).............P#
#..............#
#.@l..........# ##
##...........P# ...
##..†.......P# ##..
#...........####...
#...........##.#...
#...........###....
......#.#....####....
.....#####P..##P.....
.....# ###..#......


You could see a komodo dragon.

Vanquished Creatures
  Gastronok (Lair:2)
  2 hydras
  Nergalle (Lair:2)
  The ghost of Lektor the Cleaver, an experienced HOBe of Trog (D:7)
  The ghost of Bane the Cudgeler, an experienced MiBe of Trog (D:6)
  8 spiny frogs
  2 komodo dragons (Lair:2)
  A two-headed ogre (D:7)
  7 blink frogs (Lair:3)
  Sigmund (D:4)
  12 yaks
  A spriggan (D:7)
  A steam dragon (D:8)
  4 basilisks
  A wyvern (D:8)
  8 wolves (Lair:2)
  5 hippogriffs
  A hungry ghost (D:5)
  Edmund (D:5)
  4 water moccasins
  2 wargs (D:8)
  A sky beast (D:6)
  An ice beast (D:6)
  2 orc warriors (D:8)
  An ogre (D:7)
  Blork the orc (D:5)
  12 giant frogs
  5 crocodiles
  A wyvern skeleton (D:7)
  3 scorpions
  A water moccasin skeleton (D:8)
  An electric eel (Lair:2)
  3 killer bees (D:7)
  A crimson imp (D:5)
  A jelly (D:5)
  A hound (D:4)
  2 orc priests
  8 orc wizards
  A quasit (D:5)
  Crazy Yiuf (D:5)
  Ijyb (D:3)
  An iron imp (D:5)
  5 worker ants
  10 iguanas
  8 sheep (Lair:3)
  2 hound skeletons
  3 gnolls (D:7)
  17 adders
  23 river rats
  2 shadow imps
  An ooze (D:1)
  2 adder zombies (D:5)
  An adder skeleton (D:7)
  4 giant geckos
  25 orcs
  4 giant cockroaches
  7 hobgoblins
  3 jackals
  15 kobolds
  7 quokkas
  3 ball pythons
  A ball python skeleton (D:5)
  5 bats
  3 giant newts
  13 goblins
  A quokka skeleton (D:5)
  5 rats
284 creatures vanquished.

Notes
Turn   | Place    | Note
--------------------------------------------------------------
     0 | D:1      | Kisielow the Minotaur Fighter began the quest for the Orb.
     0 | D:1      | Reached XP level 1. HP: 19/19 MP: 0/0
    99 | D:1      | Reached XP level 2. HP: 15/26 MP: 1/1
   288 | D:1      | Reached skill level 4 in Maces & Flails
   482 | D:2      | Reached XP level 3. HP: 10/31 MP: 2/2
  1140 | D:2      | Reached skill level 5 in Maces & Flails
  1337 | D:2      | Reached XP level 4. HP: 17/39 MP: 3/3
  2233 | D:3      | Noticed Ijyb
  2247 | D:3      | Killed Ijyb
  2247 | D:3      | Reached XP level 5. HP: 46/46 MP: 4/4
  2469 | D:4      | Reached skill level 6 in Maces & Flails
  2633 | D:4      | Noticed Sigmund
  2653 | D:4      | Killed Sigmund
  2653 | D:4      | Reached XP level 6. HP: 30/55 MP: 5/5
  2702 | D:4      | Reached skill level 5 in Fighting
  2994 | D:4      | Reached skill level 5 in Shields
  3071 | D:4      | Reached skill level 5 in Armour
  3071 | D:4      | Reached XP level 7. HP: 44/61 MP: 6/6
  3349 | D:5      | Entered Level 5 of the Dungeon
  3377 | D:5      | Found a snail-covered altar of Cheibriados.
  3413 | D:5      | Noticed Edmund
  3434 | D:5      | Killed Edmund
  3434 | D:5      | Reached skill level 7 in Maces & Flails
  3782 | D:5      | Noticed Blork the orc
  3792 | D:5      | Killed Blork the orc
  3954 | D:5      | Noticed Crazy Yiuf
  3959 | D:5      | Killed Crazy Yiuf
  4122 | D:5      | Reached XP level 8. HP: 68/70 MP: 7/7
  4155 | D:5      | Found a sparkling altar of Nemelex Xobeh.
  4481 | D:6      | Noticed Bane's ghost (experienced MiBe)
  4495 | D:6      | Killed Bane's ghost
  4495 | D:6      | Reached skill level 8 in Maces & Flails
  5053 | D:6      | Gained mutation: You can spit weak poison. [mutagenic meat]
  5054 | D:6      | Gained mutation: Your mind is acute. (Int +2) [mutagenic meat]
  5345 | D:6      | Found Qoucwag's Magic Scroll Shop.
  5348 | D:6      | Bought a scroll of remove curse for 42 gold pieces
  5406 | D:7      | Reached XP level 9. HP: 57/79 MP: 8/8
  5806 | D:7      | Found a staircase to the Ecumenical Temple.
  5807 | D:7      | Got an ichor-stained robe
  5818 | D:7      | Identified the +1 robe of Newiut {rCorr MP-9 Stlth+} (You found it on level 7 of the Dungeon)
  5837 | Temple   | Entered the Ecumenical Temple
  5985 | Temple   | Became a worshipper of Warmaster Okawaru
  6076 | D:7      | Noticed Lektor's ghost (experienced HOBe)
  6091 | D:7      | Killed Lektor's ghost
  6091 | D:7      | Reached skill level 9 in Maces & Flails
  6816 | D:7      | Acquired Okawaru's first power
  7052 | D:8      | Found a staircase to the Lair.
  7079 | D:8      | Reached skill level 10 in Maces & Flails
  7268 | D:8      | Reached XP level 10. HP: 60/91 MP: 9/9
  7768 | D:8      | Found Heimuim's Antique Armour Emporium.
  8192 | Lair:1   | Entered Level 1 of the Lair of Beasts
  8664 | Lair:1   | Reached skill level 10 in Fighting
  8664 | Lair:1   | Reached skill level 10 in Armour
  8664 | Lair:1   | Reached skill level 10 in Shields
  8671 | Lair:1   | Reached skill level 11 in Maces & Flails
  9171 | Lair:2   | Reached skill level 1 in Invocations
  9276 | Lair:2   | Reached skill level 1 in Evocations
  9301 | Lair:2   | Noticed a four-headed hydra
  9317 | Lair:2   | Killed a four-headed hydra
  9340 | Lair:2   | Reached XP level 11. HP: 27/99 MP: 11/11
  9709 | Lair:2   | Noticed Nergalle
  9744 | Lair:2   | Noticed a spectral orc warlord
  9756 | Lair:2   | Killed Nergalle
 10372 | Lair:2   | Noticed Gastronok
 10392 | Lair:2   | Killed Gastronok
 10392 | Lair:2   | Acquired Okawaru's second power
 10392 | Lair:2   | Reached skill level 12 in Maces & Flails
 10885 | Lair:2   | Reached skill level 5 in Invocations
 11609 | Lair:3   | Found a staircase to the Swamp.
 11668 | Lair:3   | Received a gift from Okawaru
 11672 | Lair:3   | Reached skill level 5 in Evocations
 11936 | Lair:3   | Reached skill level 13 in Maces & Flails
 12028 | Lair:3   | Reached XP level 12. HP: 99/106 MP: 15/15
 12630 | Lair:4   | Noticed a seven-headed hydra
 12641 | Lair:4   | Killed a seven-headed hydra
 12646 | Lair:4   | Slain by a komodo dragon

Vault maps used:
D:1:      minmay_arrival_three_doors
D:2:      st_stairs_14
D:3:      uniq_iyjb
D:4:      portal_sewer_entry_d, uniq_sigmund
D:5:      slow_altar_1, first_bread, nemelex_diamond_rough_becter, uniq_edmund,
          uniq_crazy_yiuf_cottage, uniq_blork_the_orc
D:6:      serial_shops, kennysheep_mini_moat, minmay_crystal_room
D:7:      minmay_temple_entry_poolview, the_bakery, minmay_misc_feat_pillars
D:8:      erik_lair_orcish_takeover, serial_shops, shop
Temple:   kilobyte_greek_temple_18
Lair:1:   st_stairs_3, lemuel_fruit_tree
Lair:2:   beast_lair_carwin_3, infiniplex_staircase_pool, uniq_nergalle,
          uniq_gastronok
Lair:3:   swamp_mist
Lair:4:   portal_ice_cave_entry_imps

Action                   |  1- 3 |  4- 6 |  7- 9 | 10-12 || total
-------------------------+-------+-------+-------+-------++-------
Melee: Flail             |   115 |   145 |   289 |   602 ||  1151
Invok: Heroism           |       |       |     1 |     1 ||     2
 Abil: Evoke Teleportati |       |     1 |       |       ||     1
       Spit Poison       |       |       |     1 |       ||     1
  Use: Scroll            |       |     6 |     5 |     6 ||    17
       Potion            |       |       |     7 |     3 ||    10
  Eat: Chunk             |       |     6 |     9 |    14 ||    29
       Beef jerky        |       |       |     1 |     1 ||     2
       Fruit             |       |       |     1 |       ||     1
       Pizza             |       |       |     1 |       ||     1
       Bread ration      |       |       |     1 |       ||     1
       Meat ration       |       |       |       |     1 ||     1
